 Dungeon Crawl Stone Soup version 0.26-a0-1164-g1a551d6a14 (webtiles) character file.

Game seed: 6666654870260835747

100 vvl the Skirmisher (level 4, -1/36 HPs)
             Began as a Demonspawn Fighter on Dec 23, 2020.
             Succumbed to kobold's curare-tipped dart
             ... on level 3 of the Dungeon.
             The game lasted 00:04:24 (1593 turns).

vvl the Skirmisher (Demonspawn Fighter)             Turns: 1593, Time: 00:04:25

Health: -1/36      AC:  8    Str: 17    XL:     4   Next: 46%
Magic:  4/4        EV:  7    Int: 10    God:
Gold:   82         SH:  9    Dex: 12    Spells: 3/3 levels left

rFire    . . .     SeeInvis .   f - +3 whip
rCold    . . .     Faith    .   c - +0 kite shield
rNeg     . . .     Spirit   .   b - +0 scale mail
rPois    .         Reflect  .   (helmet restricted)
rElec    .         Harm     .   (no cloak)
rCorr    .         Rampage  .   i - +0 pair of gloves
Will     .....                  (no boots)
Stlth    ..........             (no amulet)
HPRegen  0.12/turn              (no ring)
MPRegen  0.09/turn              (no ring)

@: lethally poisoned (-1 -> -14), slowed, very slow
A: horns 2, spiny 1
a: no special abilities


You were on level 3 of the Dungeon.
You visited 1 branch of the dungeon, and saw 3 of its levels.

You collected 82 gold pieces.

Inventory:

Hand Weapons
 a - a +0 flail
 e - a +0 whip
 f - a +3 whip (weapon)
 l - a +2 spear of flaming
Armour
 b - a +0 scale mail (worn)
 c - a +0 kite shield (worn)
 i - a +0 pair of gloves (worn)
Jewellery
 h - an uncursed ring of see invisible {unknown}
Scrolls
 j - a scroll of identify {unknown}
 k - a scroll of enchant weapon {unknown}
Potions
 d - a potion of might
 g - a potion of ambrosia {unknown}
 m - 2 potions of degeneration {unknown}
 n - 2 potions of heal wounds {unknown}


   Skills:
 + Level 3.6 Fighting
 + Level 2.6 Maces & Flails
 + Level 3.3 Armour
 + Level 3.3 Shields


You had 3 spell levels left.
You didn't know any spells.
Your spell library was empty.

Dungeon Overview and Level Annotations

Branches:
Dungeon (3/15)

Altars:


Innate Abilities, Weirdness & Mutations

You have a pair of horns on your head.
You are partially covered in sharp spines.


Message History

You feel very sick.
The kobold throws a stone.
The stone hits you but does no damage. The kobold is struck by your spines.
You kill the kobold!
The kobold throws a stone.
The stone hits you but does no damage.
* * * LOW HITPOINT WARNING * * *
You feel sick. The kobold hits you but does no damage.
You closely miss the kobold.
* * * LOW HITPOINT WARNING * * *
You feel very sick. You block the kobold's attack.
You closely miss the kobold.
* * * LOW HITPOINT WARNING * * *
You feel sick. You block the kobold's attack. The kobold barely misses you.
You closely miss the kobold.
* * * LOW HITPOINT WARNING * * *
You feel sick. The kobold closely misses you.
You hit the kobold.
The kobold is moderately wounded.
You die...

.....####.#.####.#.#..#
............# #.#.#..#
.........#.## #.#.#..#
.........#.# ....
......$(.#.. ....
.......(.##.#
#####..(.# .. #..(.#
#/. #.@(.# #K.......#
..##....... ....
#......<# ......
#.......# .....
#.$...... ....
#......#. .... ......#


You could see a kobold.

Vanquished Creatures
  2 adders (D:2)
  2 oozes
  2 worms (D:2)
  A dart slug (D:2)
  3 leopard geckos
  3 ball pythons
  4 giant cockroaches
  4 goblins
  7 hobgoblins
  5 kobolds
  2 quokkas (D:2)
  15 bats
  4 frilled lizards
  6 rats
60 creatures vanquished.

Notes
Turn   | Place    | Note
-------+----------+-------------------------------------------
     0 | D:1      | vvl the Demonspawn Fighter began the quest for the Orb.
     0 | D:1      | Reached XP level 1. HP: 18/18 MP: 1/1
   142 | D:1      | Gained mutation: You are partially covered in sharp spines.
                  | [demonic ancestry]
   142 | D:1      | Reached XP level 2. HP: 4/24 MP: 2/2
   588 | D:1      | Gained mutation: You have a pair of small horns on your
                  | head. [demonic ancestry]
   588 | D:1      | Reached XP level 3. HP: 27/29 MP: 3/3
  1132 | D:2      | Gained mutation: You have a pair of horns on your head.
                  | [demonic ancestry]
  1132 | D:2      | Reached XP level 4. HP: 35/35 MP: 4/4
  1592 | D:3      | HP: 1/36 [poisoned by kobold (curare-tipped dart)]
  1593 | D:3      | Succumbed to kobold's curare-tipped dart

Illustrated notes

Levels and vault maps discovered:
D:1:      mrwooster_arrival_arrow, layout_basic, palyth_stone_intersect,
          bh_walls_and_bars
D:2:      layout_rooms, serial_curves, eino_curves_01, eino_curves_03
D:3:      layout_basic, nicolae_overflow_hidden_temple

Skill      XL: |  1  2 |
---------------+-------+-----
Maces & Flails | 2 |  2.6
Shields        | 3 |  3.3
Armour         | 3 |  3.3
Fighting       | |  3.6

Action                   |  1- 3 |  4- 6 || total
-------------------------+-------+-------++-------
Melee: Whip              |   110 |    28 ||   138
       Flail             |     1 |       ||     1
       Headbutt          |     9 |     2 ||    11
Armor: Scale mail        |    51 |     8 ||    59
Dodge: Dodged            |    34 |     5 ||    39
Block: Kite shield       |    81 |    15 ||    96

Table legend: (Time is in decaauts)
 A = Elapsed time spent in this place.
 B = Non-inter-level travel time spent in this place.
 C = Inter-level travel time spent in this place.
 D = Time resting spent in this place.
 E = Time spent auto-exploring this place.
 F = Levels seen in this place.
 G = Mean time per level.
                   A        B        C        D        E       F      G
               +--------+--------+--------+--------+--------+-----+--------+
         Total |   1606 |   1538 |     68 |      0 |   1262 |   3 |  535.3 |
       Dungeon |   1606 |   1538 |     68 |      0 |   1262 |   3 |  535.3 |
               +--------+--------+--------+--------+--------+-----+--------+

Top non-repeatable levels by time:
     D:1: 886 daAuts
     D:2: 613 daAuts
     D:3: 106 daAuts
